 Dungeon Crawl Stone Soup version 0.32-a0-450-g080537f31e (webtiles) character file.

Game seed: 9284553787536156070

79 ezpacito the Trooper (level 4, -2/35 HPs)
             Began as a Demonspawn Chaos Knight on Feb 23, 2024.
             Was a Plaything of Xom.
             Slain by a gnoll
             ... wielding a +0 whip
              (8 damage)
             ... on level 2 of the Dungeon.
             The game lasted 00:01:44 (800 turns).

ezpacito the Trooper (Demonspawn Chaos Knight)       Turns: 800, Time: 00:01:45

Health: -2/35      AC:  7    Str: 11 (14) XL:     4   Next: 17%
Magic:  5/5        EV: 11    Int: 11 (13) God:    Xom [..*...]
Gold:   68         SH:  4    Dex: 10 (12) Spells: 4/4 levels left

rFire   . . .        a - +0 hand axe (chaos)
rCold   . . .        (no shield)
rNeg    . . .        b - +2 leather armour
rPois   .            (no helmet)
rElec   .            (no cloak)
rCorr   .            (no gloves)
SInv    .            (no boots)
Will    .....        (no amulet)
Stlth   +            (no ring)
HPRegen 0.25/turn    (no ring)
MPRegen 0.09/turn

%: no passive effects
@: brilliant
A: hooves 1, thin metallic scales 1, condensation shield
a: Renounce Religion


You were on level 2 of the Dungeon.
You worshipped Xom.
You were a toy of Xom.
You visited 1 branch of the dungeon, and saw 2 of its levels.

You collected 68 gold pieces.

Inventory:

Hand Weapons
 a - a +0 hand axe of chaos (weapon)
Armour
 b - a +2 leather armour (worn)
Jewellery
 i - a ring of fire
Scrolls
 f - a scroll of identify
 h - a scroll of enchant armour
 j - a scroll of poison {unknown}


   Skills:
 * Level 3.3 Fighting
 * Level 3.0 Axes
 * Level 2.4 Armour
 * Level 1.4 Dodging
 + Level 0.4 Stealth
 * Level 1.1 Unarmed Combat
 * Level 0.9 Spellcasting


You had 4 spell levels left.
You didn't know any spells.
Your spell library was empty.

Dungeon Overview and Level Annotations

Branches:
Dungeon (2/15)

Altars:

Annotations:
D:2 Terence


Innate Abilities, Weirdness & Mutations

You have large cloven feet.
You are partially covered in thin metallic scales. (AC +2)
A meltable shield of frost defends you. (SH +4)


Message History

The gnoll is heavily wounded.
You closely miss the gnoll.
You closely miss Terence. "See what I see, my child!"
You detect creatures!
Terence hits you with a +0 hand axe. Terence misses your butterfly.
The gnoll hits you with a +0 whip. The gnoll closely misses you.
Terence completely misses you.
You hit the gnoll.
The gnoll looks weaker.
The gnoll is heavily wounded.
You closely miss Terence. You barely miss the gnoll.
The gnoll barely misses you. The gnoll hits you with a +0 halberd.
Terence hits you but does no damage. Terence barely misses your butterfly.
Unknown command.
You hit the gnoll.
The gnoll is poisoned.
You kick the gnoll.
The gnoll is almost dead.
You hit Terence. You freeze Terence. You hit the gnoll.
The gnoll suddenly stops moving!
The gnoll misses your butterfly. Terence hits you with a +0 hand axe.
Terence closely misses your butterfly.
Unknown command.
You barely miss the gnoll. Your kick misses the gnoll.
The gnoll is almost dead.
You hit Terence.
Terence seems to speed up.
The helpless gnoll fails to defend itself.
You hit the gnoll. You freeze the gnoll.
The gnoll is no longer paralysed.
Terence hits you but does no damage.
Terence hits your butterfly with a +0 hand axe!
Your butterfly dies!
Your butterfly disappears in a burst of colours!
The gnoll completely misses your butterfly.
The gnoll hits you with a +0 whip. Terence hits you with a +0 hand axe.
* * * LOW HITPOINT WARNING * * *
Terence misses your butterfly.
You aren't carrying any potions.
As you read the scroll labelled YCHUEQONUBO, it crumbles to dust.
It is a scroll of identify.
h - a scroll of enchant armour You kill the gnoll!
The kobold barely misses your butterfly.
The gnoll hits you with a +0 whip!
You die...
Xom laughs nastily!

##.......######..
##...............
........b.....#
.##<.........b##
###..#.........#
#...#..#######b#
# .......#
#b####.####
......##
#bb.@g....#
....###
##b@bKbb..# ....#
#bbg.b...# ....#
#.b......# .####
########## ##


You could see Terence (fast, ally target), 2 gnolls and a kobold.

Vanquished Creatures
  A jelly (D:2)
  A gnoll (D:2)
  2 dart slugs (D:1)
  5 ball pythons
  4 endoplasms
  A giant cockroach (D:1)
  4 goblins
  5 hobgoblins
  6 jackals (D:1)
  3 bats
  A frilled lizard (D:1)
  4 kobolds
  7 rats
44 creatures vanquished.

Notes
Turn   | Place    | Note
-------+----------+-------------------------------------------
     0 | D:1      | ezpacito the Demonspawn Chaos Knight began the quest for
                  | the Orb.
     0 | D:1      | Reached XP level 1. HP: 18/18 MP: 1/1
    22 | D:1      | Reached skill level 1 in Dodging
    59 | D:1      | Gained mutation: You have large cloven feet. [demonic
                  | ancestry]
    59 | D:1      | Reached XP level 2. HP: 19/24 MP: 2/2
   221 | D:1      | XOM: butterfly on damage
   500 | D:1      | Gained mutation: You are partially covered in thin metallic
                  | scales. (AC +2) [demonic ancestry]
   500 | D:1      | Reached XP level 3. HP: 29/29 MP: 3/3
   545 | D:1      | Found a faded altar of an unknown god.
   662 | D:2      | Reached skill level 1 in Unarmed Combat
   688 | D:2      | Gained mutation: A meltable shield of frost defends you.
                  | (SH +4) [demonic ancestry]
   688 | D:2      | Reached XP level 4. HP: 32/35 MP: 3/5
   786 | D:2      | Noticed Terence
   796 | D:2      | XOM: divination: detect creatures
   800 | D:2      | Slain by a gnoll

Illustrated notes

Levels and vault maps discovered:
D:1:      ebering_trefoil_3fold, layout_basic, shapermc_ecumenical_altar_petra
D:2:      layout_rooms, basic_altar, uniq_terence

Skill      XL: |  1  2  3 |
---------------+----------+-----
Dodging        | 1 |  1.4
Armour         | 2 |  2.4
Unarmed Combat | 1 |  1.1
Axes           | 3 |  3.0
Fighting       | |  3.3
Stealth        | |  0.4
Spellcasting   | |  0.9

Action                     |  1- 3 |  4- 6 || total
---------------------------+-------+-------++-------
  Melee: Hand axe          |    96 |     7 ||   103
         Kick              |    17 |     3 ||    20
    Use: Potion            |       |     3 ||     3
         Scroll            |       |     2 ||     2
   Stab: Paralysed         |       |     1 ||     1
 Armour: Leather armour    |    52 |    11 ||    63
  Dodge: Dodged            |    85 |     7 ||    92
  Block: Other             |       |     1 ||     1

Table legend: (Time is in decaauts)
 A = Elapsed time spent in this place.
 B = Non-inter-level travel time spent in this place.
 C = Inter-level travel time spent in this place.
 D = Time resting spent in this place.
 E = Time spent auto-exploring this place.
 F = Levels seen in this place.
 G = Mean time per level.
                   A        B        C        D        E       F      G
               +--------+--------+--------+--------+--------+-----+--------+
         Total |    816 |    802 |     14 |      0 |    566 |   2 |  408.0 |
       Dungeon |    816 |    802 |     14 |      0 |    566 |   2 |  408.0 |
               +--------+--------+--------+--------+--------+-----+--------+

Top non-repeatable levels by time:
     D:1: 659 daAuts
     D:2: 157 daAuts
